 Dungeon Crawl Stone Soup version 0.24.1-14-gf8d2b509d9 (webtiles) character file.

Game seed: 9463543571872640858, levelgen mode: deterministic

95 DogServant the Ruffian (level 4, -4/37 HPs)
             Began as a Draconian Transmuter on Oct 23, 2020.
             Slain by a gnoll
             ... wielding a +0 halberd
              (17 damage)
             ... on level 2 of the Dungeon.
             The game lasted 00:02:58 (1831 turns).

DogServant the Ruffian (Draconian Transmuter)       Turns: 1831, Time: 00:02:58

Health: -4/37      AC:  5    Str: 19    XL:     4   Next: 40%
Magic:  1/7        EV: 12    Int: 13    God:
Gold:   50         SH:  0    Dex: 11    Spells: 4/7 levels left

rFire    . . .     SeeInvis .     - Unarmed
rCold    . . .     Gourm    .   (no shield)
rNeg     . . .     Faith    .   (armour unavailable)
rPois    .         Spirit   .   (helmet restricted)
rElec    .         Reflect  .   (no cloak)
rCorr    .         Harm     .   (no gloves)
MR       .....                  (no boots)
Stlth    +.........             (no amulet)
HPRegen  0.12/turn              (no ring)
MPRegen  0.10/turn              (no ring)

@: mighty
A: unfitting armour, cold-blooded, AC +5
a: no special abilities


You were on level 2 of the Dungeon.
You were hungry.

You visited 1 branch of the dungeon, and saw 2 of its levels.

You collected 50 gold pieces.

Inventory:

Missiles
 a - 8 arrows
Scrolls
 b - a scroll of noise {unknown}
 f - 2 scrolls of identify
 g - a scroll of enchant armour {unknown}
 k - a scroll of remove curse {unknown}
Potions
 e - a potion of cancellation {unknown}
 h - 3 potions of curing
 j - a potion of heal wounds {unknown}
Comestibles
 c - 4 rations


   Skills:
 - Level 2.5 Fighting
 - Level 1.7 Dodging
 + Level 4.2 Unarmed Combat
 - Level 2.0 Spellcasting
 + Level 2.7 Transmutations


You had 4 spell levels left.
You knew the following spells:

 Your Spells              Type           Power        Failure   Level  Hunger
a - Beastly Appendage     Tmut           #.....       9%          1    ##.....
b - Sticks to Snakes      Tmut           #.......     12%         2    ###....

Your spell library contained the following spells:

 Spells                   Type           Power        Failure   Level  Hunger
 Spider Form              Tmut/Pois      #.........   41%         3    ####...
 Ice Form                 Ice/Tmut       #.......     82%         4    #####..
 Blade Hands              Tmut           #.........   92%         5    ######.


Dungeon Overview and Level Annotations

Branches:
Dungeon (2/15)

Altars:

Annotations:
D:2 exclusion: gnoll


Innate Abilities, Weirdness & Mutations

Your plain brown scales are hard. (AC +5)
You cannot fit into any form of body armour.
You are cold-blooded and may be slowed by cold attacks.


Message History

The gnoll hits your ball python with a +0 spear!
Your ball python dies!
The gnoll shouts!
Okay, then.
Okay, then.
As you read the scroll labeled YGIYBO HOOC, it crumbles to dust.
It is a scroll of identify.
d - a potion of might The gnoll hits you from afar with a +0 spear.
Okay, then.
You feel very mighty all of a sudden.
The gnoll barely misses you. x2; The gnoll closely misses you.
The gnoll hits you but does no damage.
The gnoll hits you from afar with a +0 spear.
* * * LOW HITPOINT WARNING * * *
It was a potion of curing.
You feel better.
The gnoll hits you but does no damage. x2
The gnoll hits you from afar with a +0 spear.
The gnoll hits you with a +0 halberd!
You die...

#....#(...#######..........####
#....#........(.+..........#
#....#....#######..........#
#....####..................#
#....# #..................#
###### #..................#
#.......g..#########
#.....g.g..# #.....@g...#
#..........# #..........#
#..........# #..........#
#......)...# ############


You could see 4 gnolls.

Vanquished Creatures
  4 adders (D:2)
  2 oozes (D:2)
  A worm (D:2)
  A dart slug (D:2)
  2 leopard geckos (D:1)
  6 bats
  3 giant cockroaches
  A hobgoblin (D:2)
  4 jackals (D:1)
  4 frilled lizards
  5 goblins
  8 kobolds
  2 rats (D:2)
43 creatures vanquished.

Notes
Turn   | Place    | Note
-------+----------+-------------------------------------------
     0 | D:1      | DogServant the Draconian Transmuter began the quest for the
                  | Orb.
     0 | D:1      | Reached XP level 1. HP: 16/16 MP: 3/3
   258 | D:1      | Reached XP level 2. HP: 19/24 MP: 5/5
   825 | D:2      | Reached XP level 3. HP: 20/30 MP: 6/6
   829 | D:2      | Learned a level 2 spell: Sticks to Snakes
  1274 | D:2      | Reached skill level 4 in Unarmed Combat
  1360 | D:2      | Reached XP level 4. HP: 37/37 MP: 5/7
  1831 | D:2      | Slain by a gnoll

Levels and vault maps discovered:
D:1:      beargit_arrival_greenhouse, layout_loops_ring, grunt_decor_resistance,
          hangedman_decor_slide_cut
D:2:      layout_basic, first_ration

Skill      XL: |  1  2  3 |
---------------+----------+-----
Fighting       | 2 |  2.5
Unarmed Combat | 4 |  4.2
Dodging        | |  1.7
Spellcasting   | |  2.0
Transmutations | |  2.7

Action                   |  1- 3 |  4- 6 || total
-------------------------+-------+-------++-------
Melee: Unarmed           |   145 |    25 ||   170
       Tailslap          |    15 |     3 ||    18
       Kick              |     7 |       ||     7
       Headbutt          |     3 |     3 ||     6
       Punch             |     3 |     1 ||     4
 Cast: Beastly Appendage |    14 |     3 ||    17
       Sticks to Snakes  |       |     4 ||     4
  Use: Potion            |       |     2 ||     2
       Scroll            |       |     1 ||     1
 Stab: Sleeping          |     1 |     1 ||     2
  Eat: Chunk             |     2 |     1 ||     3
Armor: Skin              |    52 |     8 ||    60
Dodge: Dodged            |   114 |    20 ||   134
